 Dungeon Crawl Stone Soup version 0.29-a0-9-g022ca4c890 (webtiles) character file.

Game seed: 6477431670472023180

2066 puppykicker the Cleaver (level 9, -2/102 HPs)
             Began as a Minotaur Gladiator on Jan 28, 2022.
             Slain by an unseen horror (4 damage)
             ... on level 7 of the Dungeon.
             The game lasted 00:17:44 (6188 turns).

puppykicker the Cleaver (Minotaur Gladiator)        Turns: 6188, Time: 00:17:45

Health: -2/102     AC: 24    Str: 19    XL:     9   Next: 5%
Magic:  8/8        EV:  2    Int:  9    God:
Gold:   261        SH:  0    Dex: 12    Spells: 8/8 levels left

rFire   . . .      SeeInvis .   a - +0 battleaxe
rCold   . . .      Faith    .   (shield currently unavailable)
rNeg    . . .      Spirit   .   (armour currently unavailable)
rPois   +          Reflect  .   (helmet currently unavailable)
rElec   .          Harm     .   (cloak currently unavailable)
rCorr   .          Rampage  .   (gloves currently unavailable)
Will    .....      NoTele   +   (boots currently unavailable)
Stlth   +.........              w - amulet of magic regeneration
HPRegen 0.27/turn               (no ring)
MPRegen 0.51/turn               (no ring)

@: tree-form
A: stationary, stasis, torment immunity, boosted hp, (horns 2), (retaliatory
headbutt)
a: no special abilities


You were on level 7 of the Dungeon.
You were a tree.
You visited 1 branch of the dungeon, and saw 7 of its levels.
You also visited: Sewer.

You collected 261 gold pieces.

Inventory:

Hand Weapons
 a - a +0 battleaxe (weapon)
 b - a +0 longbow
Missiles
 d - 3 throwing nets (quivered)
 g - 6 curare-tipped darts
 s - 15 poisoned darts
 y - 3 javelins
 Q - 32 arrows
Armour
 c - a +0 hat (melded)
 h - a +0 cloak (melded)
 j - a +1 plate armour of willpower (melded)
 r - a +0 pair of boots (melded)
Jewellery
 w - an amulet of magic regeneration (around neck)
Wands
 o - a wand of flame (26)
 D - a wand of digging (4)
Scrolls
 e - a scroll of enchant weapon
 f - 3 scrolls of fog
 l - 2 scrolls of vulnerability {unknown}
 p - a scroll of brand weapon {unknown}
 q - 2 scrolls of amnesia
 t - 5 scrolls of teleportation
 x - a scroll of noise {unknown}
Potions
 i - a potion of attraction {unknown}
 k - a potion of haste {unknown}
 m - a potion of might
 n - a potion of mutation {!q}
 u - a potion of lignification {!q}
 v - a potion of brilliance
 z - 2 potions of curing


   Skills:
 - Level 2.4 Fighting
 + Level 14.4 Axes
 - Level 2.0 Throwing
 - Level 3.2 Dodging


You had 8 spell levels left.
You didn't know any spells.
Your spell library contained the following spells:

 Spells                   Type           Power      Damage    Failure   Level
 Animate Skeleton         Necr           0%         N/A       38%         1
 Apportation              Tloc           0%         N/A       38%         1
 Summon Small Mammal      Summ           0%         N/A       38%         1
 Blink                    Tloc           0%         N/A       52%         2
 Lesser Beckoning         Tloc           0%         N/A       77%         3
 Ozocubu's Armour         Ice            0%         N/A       77%         3
 Manifold Assault         Tloc           0%         N/A       100%        5
 Ozocubu's Refrigeration  Ice            0%         4d5       100%        7


Dungeon Overview and Level Annotations

Branches:
Dungeon (7/15)              Sewer (visited)
 Temple: D:4-7

Altars:
Elyvilon
Wu Jian

Shops:
D:5 (

Annotations:
D:3 2 transporters, Grognak's ghost, amateur MiFi


Innate Abilities, Weirdness & Mutations

You are a tree.
Your roots penetrate the ground, keeping you stationary.
You cannot be teleported.
You are immune to unholy pain and torment.
Your maximum health is greatly increased.
Your equipment is partially melded.
((You have a pair of horns on your head.))
((You reflexively headbutt those who attack you in melee.))


Message History

Something hits you but does no damage. Something hits you.
* * * LOW HITPOINT WARNING * * *
You take 5 damage, and have 25/68 hp.
Something hits you.
* * * LOW HITPOINT WARNING * * *
You take 5 damage, and have 20/68 hp.
Something hits you but does no damage. Something hits you!
* * * LOW HITPOINT WARNING * * *
You see here a scroll of teleportation.
You take 9 damage, and have 11/68 hp.
Something hits you but does no damage.
Something hits you but does no damage. x2
You miss something. Something hits you.
* * * LOW HITPOINT WARNING * * *
You take 5 damage, and have 7/68 hp.
Something hits you but does no damage. x2
Really quaff
u - 2 potions of lignification {!q}?
Really quaff the potion of lignification?
You turn into a tree.
Your +0 cloak melds into your body.
Your +0 hat melds into your body.
Your +0 pair of boots melds into your body.
Your +1 plate armour of willpower melds into your body.
You feel less strong-willed.
Your roots penetrate the ground.
Something hits you but does no damage. x3
You now have 12/102 hp.
You miss something.
Something hits you but does no damage. x2
You miss something. Something hits you.
* * * LOW HITPOINT WARNING * * *
You take 3 damage, and have 9/102 hp.
You barely miss something.
Something hits you but does no damage. x2
You swing at nothing.
Something hits you but does no damage. x2
You miss something. Something hits you.
* * * LOW HITPOINT WARNING * * *
You take 3 damage, and have 7/102 hp.
You swing at nothing.
Something hits you.
* * * LOW HITPOINT WARNING * * *
Something hits you.
You die...

##############
#....♣?....#..
#.########.#(# # #.#
#.#.# .#
#.########.#.# #.##
#.##.........##....
###.##.#####........#
#........###....###.#
#.#.##.#.#......#
#.#.##.#.#.#>...#


There were no monsters in sight!

Levels and vault maps discovered:
D:1:      dpeg_arrival_three_bigger_balls, layout_loops_ring,
          shapermc_ecumenical_altar_gd, minmay_cupped
D:2:      layout_basic
D:3:      layout_basic, mainiacjoe_overflow_six_doors_small, marbit_many_paths,
          gammafunk_ghost_gnarly_gnolls
D:4:      layout_loops_ring, gup_sewer_entry_glass,
          chequers_serial_rivers_small_b, bh_walls_and_bars, uniq_edmund
D:5:      layout_basic, serial_shops, shop, minmay_hedge_maze
D:6:      layout_loops_cross
D:7:      layout_loops_ring, minmay_temple_entry_hall

Notes
Turn   | Place    | Note
-------+----------+-------------------------------------------
     0 | D:1      | puppykicker the Minotaur Gladiator began the quest for the
                  | Orb.
     0 | D:1      | Reached XP level 1. HP: 18/18 MP: 0/0
    54 | D:1      | Identified a +0 dagger
    71 | D:1      | Reached skill level 4 in Axes
   111 | D:1      | Identified a +0 whip
   127 | D:1      | Reached XP level 2. HP: 20/25 MP: 1/1
   151 | D:1      | Found a faded altar of an unknown god.
   208 | D:1      | Identified a +0 short sword
   226 | D:1      | Identified a +0 dagger
   294 | D:1      | Identified a +0 club
   296 | D:1      | Identified a +1 dagger of draining
   298 | D:1      | Identified a +0 club
   594 | D:1      | Reached skill level 5 in Axes
   708 | D:1      | Identified a +0 cloak
   796 | D:1      | Identified a +0 short sword
   813 | D:1      | Reached XP level 3. HP: 30/30 MP: 2/2
  1046 | D:1      | Identified 3 scrolls of identify
  1046 | D:1      | Identified a scroll of enchant weapon
  1047 | D:1      | Identified a scroll of teleportation
  1144 | D:2      | Identified a +0 pair of boots
  1151 | D:2      | Identified a +1 plate armour of willpower
  1167 | D:2      | Identified a +0 leather armour
  1176 | D:2      | Identified a +0 longbow
  1179 | D:2      | Identified a +0 war axe
  1399 | D:2      | Identified a +0 ring mail
  1403 | D:2      | Identified a +0 dagger
  1782 | D:3      | Identified a +0 dagger
  1794 | D:3      | Found an ornate altar of the Wu Jian Council.
  1823 | D:3      | Identified a +0 club
  1825 | D:3      | Identified a +0 club
  1828 | D:3      | Identified a +0 mace
  1846 | D:3      | Found a white marble altar of Elyvilon.
  1932 | D:3      | Reached skill level 6 in Axes
  1932 | D:3      | Reached XP level 4. HP: 37/37 MP: 3/3
  2005 | D:3      | Identified a +0 dagger
  2007 | D:3      | Found a transporter.
  2015 | D:3      | Identified a +1 whip of electrocution
  2046 | D:3      | Identified a +0 buckler
  2052 | D:3      | Identified a +0 club
  2162 | D:3      | Identified a +0 vampiric spear
  2167 | D:3      | Identified a +0 halberd
  2176 | D:3      | Identified a +0 spear
  2190 | D:3      | Found a transporter.
  2194 | D:3      | Identified the +7 halberd of Qazlal's Castigation {venom,
                  | Fly}
  2194 | D:3      | Identified a +6 ring of dexterity
  2197 | D:3      | Noticed Grognak's ghost (amateur MiFi)
  2249 | D:3      | Identified a +0 dagger
  2249 | D:3      | Identified a +0 hunting sling
  2514 | D:4      | Reached skill level 7 in Axes
  2514 | D:4      | Reached XP level 5. HP: 37/42 MP: 4/4
  2611 | D:4      | Identified a +0 club
  2625 | D:4      | Identified a +0 battleaxe
  2666 | D:4      | Identified a +0 giant spiked club
  2666 | D:4      | Noticed an ogre
  2669 | D:4      | Killed an ogre
  2669 | D:4      | Identified a +1 dire flail of draining
  2669 | D:4      | Identified a +0 leather armour
  2669 | D:4      | Noticed Edmund
  2670 | D:4      | Reached skill level 8 in Axes
  2681 | D:4      | Reached XP level 6. HP: 49/50 MP: 5/5
  2688 | D:4      | Killed Edmund
  2766 | D:4      | Found a glowing drain.
  2806 | D:4      | Reached skill level 9 in Axes
  2815 | Sewer    | Entered a sewer
  2941 | Sewer    | Identified a +0 club
  3069 | Sewer    | Identified a +4 whip
  3076 | Sewer    | Reached XP level 7. HP: 54/56 MP: 6/6
  3144 | Sewer    | Identified a +0 short sword
  3153 | Sewer    | HP: 14/56 [kobold brigand (1)]
  3154 | Sewer    | Identified a potion of invisibility
  3156 | Sewer    | HP: 3/56 [kobold brigand (4)]
  3157 | Sewer    | Identified a potion of curing
  3160 | Sewer    | Reached skill level 10 in Axes
  3420 | Sewer    | Identified a +0 short sword
  3830 | D:4      | Identified a potion of might
  3831 | D:4      | Identified a potion of mutation
  3832 | D:4      | Identified 4 scrolls of fog
  4027 | D:4      | Identified a +0 dagger
  4071 | D:5      | Entered Level 5 of the Dungeon
  4090 | D:5      | Identified 2 scrolls of amnesia
  4164 | D:5      | Identified a +0 spear
  4178 | D:5      | Reached skill level 11 in Axes
  4306 | D:5      | Identified a +0 short sword
  4306 | D:5      | Identified a +0 dagger
  4306 | D:5      | Identified a +0 ring mail
  4306 | D:5      | Identified a +0 hand axe
  4306 | D:5      | Identified a +0 leather armour
  4306 | D:5      | Identified a +0 mace
  4306 | D:5      | Identified a +0 dagger
  4306 | D:5      | Identified a +0 robe
  4424 | D:5      | Identified an amulet of magic regeneration
  4433 | D:5      | Identified a +0 flail
  4446 | D:5      | Reached XP level 8. HP: 37/62 MP: 7/7
  4729 | D:5      | Reached skill level 12 in Axes
  4730 | D:5      | Found Vufuall's Antique Weapon Boutique.
  4735 | D:5      | Identified a +0 quarterstaff
  4798 | D:6      | Identified a +2 vorpal spear
  4798 | D:6      | Identified a +0 scale mail
  4798 | D:6      | Identified a +0 buckler
  4798 | D:6      | Identified a +0 spear
  4798 | D:6      | Identified a +0 club
  4798 | D:6      | Identified a +0 club
  4799 | D:6      | Identified a +0 club
  4800 | D:6      | Noticed a troll
  4818 | D:5      | HP: 13/62 [troll (3)]
  4840 | D:5      | Identified a +0 club
  5244 | D:6      | Identified 2 potions of lignification
  5245 | D:6      | Identified a potion of brilliance
  5378 | D:6      | Reached skill level 13 in Axes
  5456 | D:6      | Identified a +0 leather armour
  5485 | D:6      | Identified a +0 dire flail
  5485 | D:6      | Identified a +0 chain mail
  5485 | D:6      | Identified a +0 flail
  5485 | D:6      | Identified a +0 ring mail
  5486 | D:6      | Identified a +0 club
  5541 | D:6      | Reached skill level 14 in Axes
  5545 | D:6      | HP: 14/62 [poisoned by a water moccasin]
  5550 | D:6      | HP: 10/62 [poisoned by a water moccasin]
  5834 | D:6      | Identified a +0 ring mail
  5874 | D:6      | Reached XP level 9. HP: 68/68 MP: 8/8
  5932 | D:6      | Identified a +0 club
  6177 | D:7      | HP: 11/68 [something (9)]
  6184 | D:7      | HP: 9/102 [something (3)]
  6188 | D:7      | HP: 2/102 [something (5)]
  6188 | D:7      | Slain by an unseen horror

Table legend: (Time is in decaauts)
 A = Elapsed time spent in this place.
 B = Non-inter-level travel time spent in this place.
 C = Inter-level travel time spent in this place.
 D = Time resting spent in this place.
 E = Time spent auto-exploring this place.
 F = Levels seen in this place.
 G = Mean time per level.
                   A        B        C        D        E       F      G
               +--------+--------+--------+--------+--------+-----+--------+
         Total |   6424 |   6177 |    247 |   1450 |   3504 |   8 |  803.0 |
       Dungeon |   5303 |   5056 |    247 |   1081 |   3021 |   7 |  757.6 |
         Sewer |   1121 |   1121 |      0 |    369 |    483 |   1 | 1121.0 |
               +--------+--------+--------+--------+--------+-----+--------+

Top non-repeatable levels by time:
   Sewer: 1121 daAuts
     D:1: 1088 daAuts
     D:5: 1021 daAuts
     D:6: 1007 daAuts
     D:4: 710 daAuts
     D:2: 700 daAuts
     D:3: 676 daAuts
     D:7: 97 daAuts

Table legend:
 A = Kills in this place as a percentage of kills in entire the game.
 B = Kills by you in this place as a percentage of kills by you in the entire game.
 C = Kills by friends in this place as a percentage of kills by friends in the entire game.
 D = Other kills in this place as a percentage of other kills in the entire game.
 E = Experience gained in this place as a percentage of experience gained in the entire game.
 F = Experience gained in this place divided by the number of levels of this place that you have seen.
                   A       B       C       D       E      F
               +-------+-------+-------+-------+-------+----------------------
         Total | 100.0 | 100.0 |   N/A |   N/A | 100.0 | 369.0
       Dungeon |  80.0 |  80.0 |   N/A |   N/A |  84.6 | 356.9
         Sewer |  20.0 |  20.0 |   N/A |   N/A |  15.4 | 454.0
               +-------+-------+-------+-------+-------+----------------------

Skill      XL: |  1  2  3  4  5  6  7  8 |
---------------+-------------------------+-----
Axes           | 4 5 6 7 8 9 11 14 | 14.4
Fighting       | |  2.4
Throwing       | |  2.0
Dodging        | |  3.2

Action                   |  1- 3 |  4- 6 |  7- 9 || total
-------------------------+-------+-------+-------++-------
Melee: War axe           |    74 |    39 |       ||   113
       Headbutt          |    10 |     9 |    33 ||    52
       Punch             |     1 |       |       ||     1
       Battleaxe         |       |    38 |   207 ||   245
Throw: Dart              |       |     5 |       ||     5
       Throwing net      |       |     1 |       ||     1
Evoke: Wand              |       |       |     4 ||     4
  Use: Scroll            |     2 |       |     7 ||     9
       Potion            |       |       |     3 ||     3
 Stab: Invisible         |       |       |     1 ||     1
Armor: Leather armour    |    11 |       |       ||    11
       Plate armour      |    27 |    58 |   167 ||   252
       Skin              |       |       |     9 ||     9
Dodge: Dodged            |    44 |    32 |    68 ||   144

Vanquished Creatures
  Edmund (D:4)
  3 water moccasins (D:6)
  2 sky beasts
  An orc warrior (D:6)
  2 necrophages
  An ogre (D:4)
  4 kobold brigands (Sewer)
  A gnoll sergeant (D:6)
  2 scorpions (D:5)
  A centaur zombie (D:6)
  2 centaur skeletons (D:6)
  2 jellies
  A bullfrog zombie (D:6)
  A hound (D:4)
  A bullfrog skeleton (D:7)
  An iguana (D:5)
  An orc wizard (D:5)
  A scorpion zombie (D:5)
  2 hound skeletons (D:4)
  A howler monkey zombie (D:6)
  4 gnolls (D:6)
  10 adders
  2 river rats (Sewer)
  2 shadow imps (D:7)
  4 worms
  3 dart slugs
  11 orcs
  17 ball pythons
  6 bats
  9 endoplasms
  3 giant cockroaches
  7 goblins
  8 hobgoblins
  3 jackals (D:5)
  2 quokkas
  2 frilled lizards (D:3)
  6 kobolds
  10 rats
140 creatures vanquished.

Vanquished Creatures (others)
  6 plants (D:3)
6 creatures vanquished.

Grand Total: 146 creatures vanquished
